 Dungeon Crawl Stone Soup version 0.27-a0-795-ge5c3fa52fd (webtiles) character file.

Game seed: 16411968397691574639

17883 Bapho the Grappler (level 12, -21/114 (115) HPs)
             Began as a Troll Monk on Mar 27, 2021.
             Was an Elder of Wu Jian.
             Demolished by an orc knight
             ... wielding a +0 great mace
              (45 damage)
             ... on level 2 of the Orcish Mines.
             The game lasted 00:33:47 (10110 turns).

Bapho the Grappler (Troll Monk)                    Turns: 10110, Time: 00:33:47

HP:   -21/114 (115) AC: 14    Str: 29    XL:     12   Next: 22%
MP:   11/11         EV: 17    Int:  3    God:    Wu Jian [****..]
Gold: 1048          SH: 15    Dex: 12    Spells: 11/11 levels left

rFire    . . .     SeeInvis .     - Unarmed
rCold    . . .     Faith    .   d - +3 kite shield
rNeg     . . .     Spirit   .   I - +0 swamp dragon scales
rPois    +         Reflect  .   (helmet restricted)
rElec    .         Harm     .   s - +2 cloak of Ru's Esteem {Will+++ Str+5 Int-5}
rCorr    .         Rampage  .   (gloves unavailable)
Will     +++..                  (boots unavailable)
Stlth    +.........             (no amulet)
HPRegen  1.29/turn              u - +4 ring of evasion
MPRegen  0.12/turn              w - +4 ring of evasion

@: on fire, about to teleport, glowing, lightly drained
A: large, unfitting armour, claws 3, regeneration 1, shaggy fur 1, tough skin 1
a: Renounce Religion, Wall Jump, Serpent's Lash


You were on level 2 of the Orcish Mines.
You worshipped Wu Jian.
Wu Jian was greatly pleased with you.
You visited 3 branches of the dungeon, and saw 14 of its levels.
You also visited: Ossuary.

You collected 1048 gold pieces.

Inventory:

Missiles
 h - 246 stones (quivered)
 m - 13 poisoned darts
 D - a curare-tipped dart
 K - 3 large rocks
Armour
 a - a +0 robe
 b - a +1 robe of the Archmagi
 d - a +3 kite shield (worn)
 s - the +2 cloak of Ru's Esteem (worn) {Will+++ Str+5 Int-5}
   (You found it on level 6 of the Dungeon)

   It affects your strength (+5).
   It affects your intelligence (-5).
   It affects your willpower, your defense against some magical effects.
 v - a +0 troll leather armour
 I - +0 swamp dragon scales (worn)
Jewellery
 u - a +4 ring of evasion (left claw)
 w - a +4 ring of evasion (right claw)
 y - a +4 ring of evasion
 E - a ring of resist corrosion
 F - a +6 ring of dexterity
 G - a ring of poison resistance
 L - an amulet of guardian spirit
Wands
 f - a wand of random effects (10)
 z - a wand of mindburst (13)
 H - a wand of charming (11)
 J - a wand of flame (21)
Scrolls
 c - a scroll of blinking
 k - 2 scrolls of fear
 p - 2 scrolls of enchant armour
 t - a scroll of enchant weapon
 A - 2 scrolls of silence
 B - 3 scrolls of teleportation
 C - 2 scrolls of magic mapping
Potions
 e - a potion of might
 g - 2 potions of flight
 i - a potion of cancellation {unknown}
 j - 5 potions of curing
 l - 4 potions of degeneration
 n - a potion of attraction {unknown}
 o - 2 potions of magic {unknown}
 q - 2 potions of heal wounds
 r - 3 potions of haste
 x - 2 potions of brilliance


   Skills:
 + Level 6.5 Fighting
 + Level 5.8 Armour
 - Level 2.4 Dodging
 - Level 1.0 Stealth
 - Level 9.0 Shields
 - Level 13.9 Unarmed Combat


You had 11 spell levels left.
You didn't know any spells.
Your spell library contained the following spells:

 Spells                   Type           Power      Damage    Failure   Level
 Animate Skeleton         Necr           0%         N/A       65%         1
 Pain                     Necr           0%         1d4       65%         1
 Confusing Touch          Hex            0%         N/A       95%         3
 Gell's Gravitas          Tloc           0%         N/A       95%         3
 Vampiric Draining        Necr           0%         2d6       95%         3
 Animate Dead             Necr           0%         N/A       100%        4
 Petrify                  Tmut/Erth      0%         N/A       100%        4
 Agony                    Necr           0%         N/A       100%        5
 Metabolic Englaciation   Hex/Ice        0%         N/A       100%        5
 Yara's Violent Unravell  Hex/Tmut       0%         3d3       100%        5


Dungeon Overview and Level Annotations

Branches:
Dungeon (11/15)            Temple (1/1) D:6            Lair (0/6) D:8
    Orc (2/2) D:11        Ossuary (visited)
    Elf: Orc:2

Altars:
Ashenzari
Cheibriados
Fedhas
Gozag
Hepliaklqana
Makhleb
Qazlal
Ru
Sif Muna
Wu Jian
Yredelemnul

Shops:
D:2 [   D:4 *   D:7 ?   Orc:1 :


Innate Abilities, Weirdness & Mutations

You are too large for most types of armour.
You have claws for hands.
Your natural rate of healing is unusually fast.
You are covered in fur. (AC +1)
You have tough skin. (AC +1)


Message History

The orc knight hits you with a +0 halberd.
The smoke demon hits you but does no damage.
You block the smoke demon's attack. The smoke demon closely misses you.
You scratch the orc high priest but do no damage.
The orc high priest is moderately wounded.
You are covered in liquid flames!
You barely miss the orc high priest.
The orc high priest is moderately wounded.
You are covered in liquid flames!
The orc high priest hits you with a +0 long sword.
You block the smoke demon's attack. x2; The smoke demon closely misses you.
The orc knight hits you with a +0 halberd!
An orc warrior, an orc knight and 3 orc sorcerers come into view.
As you read the scroll of teleportation, it crumbles to dust.
You feel strangely unstable.
You are covered in liquid flames!
The orc sorcerer shouts! x3
The orc high priest no longer looks unusually strong.
The orc knight roars a battlecry!
The orcs go into a battle-frenzy!
The orc high priest starts to sing a prayer.
You block the orc high priest's attack. You block the smoke demon's attack. x2
The smoke demon misses you.
The orc knight hits you with a +0 halberd!
The orc sorcerer moves out of view.
An orc warrior comes into view.
It is wielding a +0 trident and wearing a +0 plate armour of poison resistance.
You claw the orc high priest!
The orc high priest is heavily wounded.
You are covered in liquid flames!
You block the orc knight's attack. You block the orc high priest's attack.
You block the smoke demon's attack.
The smoke demon hits you but does no damage.
The smoke demon barely misses you.
The orc knight hits you with a +0 halberd!!
* * * LOW HITPOINT WARNING * * *
You feel much better.
You are covered in liquid flames!
* * * LOW HITPOINT WARNING * * *
The orc knight hits you with a +0 great mace!!!
You die...

#...☼§§#☼☼§...........
#§§§§§§§☼...........
##☼§☼§§☼§§§..........
####☼☼☼§☼☼§§§☼..........
#.##☼§☼§§§§§§§§§☼☼......
..§#☼☼#§##§§§§§☼§§☼....#
#§§☼§☼§###§☼§§☼°○○☼....#
☼.§#☼### #######3######
..#### #@# ###
#....ooo4...# ##
...####o####... .####
#.# ....## #o# .....#
#.# ##..## #o# .####


ooo ... You could see 3 orc knights, an orc high priest (strong), an ice devil
(summoned), a smoke demon (summoned), 2 orc sorcerers, 2 orc warriors and an orc
wizard (wandering).

Vanquished Creatures
  A boulder beetle (D:11)
  A two-headed ogre (D:8)
  2 orc high priests (Orc:2)
  2 orc knights (Orc:2)
  2 orc sorcerers (Orc:2)
  A cyclops (D:11)
  A manticore (D:11)
  Maggie (D:9)
  3 komodo dragons (D:8)
  3 trolls
  Grinder (D:6)
  Sigmund (D:4)
  2 shadows
  2 wyverns
  A vampire (D:11)
  6 yaks
  A basilisk (D:8)
  Eustachio (D:6)
  2 steam dragons
  4 wargs
  2 acid dragons
  2 water moccasins
  19 orc warriors
  A swamp drake (D:8)
  A sky beast (D:7)
  A necrophage (D:6)
  A black bear (D:7)
  14 ogres
  2 phantoms (D:7)
  5 centaurs
  3 kobold brigands
  3 elf zombies (Ossuary)
  Blork the orc (D:4)
  2 bullfrogs
  2 gnoll sergeants
  A wyvern skeleton (D:7)
  2 scorpions (D:5)
  12 killer bees
  3 howler monkeys (D:9)
  11 centaur zombies
  A bullfrog zombie (D:5)
  2 gnoll shamans
  3 hounds
  A jelly (D:6)
  3 human zombies (Ossuary)
  10 orc priests
  A bullfrog skeleton (D:6)
  Ijyb (D:3)
  2 iguanas (D:4)
  23 orc wizards
  2 killer bee zombies
  3 mummies (Ossuary)
  A howler monkey zombie (D:8)
  23 gnolls
  6 adders
  An ufetubus (D:6)
  2 adder skeletons
  2 worms
  4 dart slugs
  50 orcs
  8 bats
  4 endoplasms
  3 giant cockroaches
  11 goblins
  8 hobgoblins
  6 jackals
  5 quokkas
  7 ball pythons
  4 frilled lizards
  10 kobolds
  10 rats
343 creatures vanquished.

Vanquished Creatures (others)
  A gnoll (D:8)
1 creature vanquished.

Grand Total: 344 creatures vanquished

Notes
Turn   | Place    | Note
-------+----------+-------------------------------------------
     0 | D:1      | Bapho the Troll Monk began the quest for the Orb.
     0 | D:1      | Reached XP level 1. HP: 22/22 MP: 0/0
   191 | D:1      | Reached XP level 2. HP: 29/29 MP: 1/1
   392 | D:1      | Reached skill level 4 in Unarmed Combat
   628 | D:1      | Reached XP level 3. HP: 36/36 MP: 2/2
  1151 | D:2      | Found Jusasuita's Armour Boutique.
  1275 | D:2      | Found a faded altar of an unknown god.
  1630 | D:2      | Reached skill level 5 in Unarmed Combat
  1630 | D:2      | Reached XP level 4. HP: 44/44 MP: 3/3
  3014 | D:4      | Reached XP level 5. HP: 48/50 MP: 4/4
  3019 | D:4      | Found Wuiskusi's Mayhem Merchandise.
  3105 | D:4      | Noticed an ogre
  3117 | D:4      | Reached skill level 6 in Unarmed Combat
  3121 | D:4      | Killed an ogre
  3127 | D:4      | Reached XP level 6. HP: 39/59 MP: 5/5
  3179 | D:4      | Reached skill level 7 in Unarmed Combat
  3281 | D:4      | Found an opulent altar of Gozag.
  3595 | D:4      | Noticed Ijyb
  3597 | D:4      | Noticed Sigmund
  3787 | D:3      | Killed Ijyb
  3788 | D:3      | Reached skill level 8 in Unarmed Combat
  3788 | D:3      | Reached XP level 7. HP: 59/66 MP: 6/6
  3924 | D:4      | Killed Sigmund
  4008 | D:4      | Noticed Blork the orc
  4013 | D:4      | Killed Blork the orc
  4014 | D:4      | Reached skill level 9 in Unarmed Combat
  4291 | D:5      | Entered Level 5 of the Dungeon
  4735 | D:6      | Noticed a steam dragon
  4736 | D:6      | Reached XP level 8. HP: 73/74 MP: 7/7
  4746 | D:6      | Reached skill level 10 in Unarmed Combat
  4819 | D:6      | Noticed Eustachio
  4833 | D:6      | Killed Eustachio
  4834 | D:6      | Reached skill level 11 in Unarmed Combat
  4860 | D:6      | Identified the +2 cloak of Ru's Esteem {Will+++ Str+5
                  | Int-5}
  5000 | D:6      | Noticed a troll
  5091 | D:5      | Killed a troll
  5092 | D:5      | Reached XP level 9. HP: 67/80 MP: 8/8
  5173 | D:6      | Found a staircase to the Ecumenical Temple.
  5185 | D:6      | Noticed Grinder
  5202 | D:6      | Reached skill level 12 in Unarmed Combat
  5210 | D:6      | Killed Grinder
  5218 | Temple   | Entered the Ecumenical Temple
  5229 | Temple   | Became a worshipper of the Wu Jian Council
  5229 | Temple   | Reached * piety under Wu Jian
  5229 | Temple   | Reached ** piety under Wu Jian
  5695 | D:7      | Found a stormy altar of Qazlal.
  5820 | D:7      | Found Oluink's Magic Scroll Boutique.
  6054 | D:7      | Found a sand-covered staircase.
  6061 | Ossuary  | Entered an ossuary
  6075 | Ossuary  | Reached skill level 13 in Unarmed Combat
  6265 | D:7      | Found a broken altar of Ashenzari.
  6789 | D:8      | Noticed a two-headed ogre
  6800 | D:8      | Killed a two-headed ogre
  6801 | D:8      | Reached XP level 10. HP: 71/88 MP: 9/9
  6858 | D:8      | Reached *** piety under Wu Jian
  7081 | D:8      | Reached skill level 5 in Shields
  7200 | D:8      | Found a staircase to the Lair.
  7903 | D:9      | Noticed Maggie
  7911 | D:9      | Found a burning altar of Makhleb.
  7917 | D:9      | Killed Maggie
  8251 | D:10     | Entered Level 10 of the Dungeon
  8468 | D:10     | Reached **** piety under Wu Jian
  8505 | D:10     | Found a shimmering blue altar of Sif Muna.
  8564 | D:10     | Reached XP level 11. HP: 94/94 MP: 10/10
  8989 | D:11     | Reached skill level 1 in Armour
  9050 | D:11     | Noticed a boulder beetle
  9076 | D:11     | Killed a boulder beetle
  9317 | D:11     | Found a staircase to the Orcish Mines.
  9399 | Orc:1    | Entered Level 1 of the Orcish Mines
  9601 | Orc:1    | Reached ***** piety under Wu Jian
  9712 | Orc:1    | Reached skill level 5 in Fighting
  9817 | Orc:1    | Found Tohot's Book Boutique.
  9846 | Orc:2    | Entered Level 2 of the Orcish Mines
  9848 | Orc:2    | Noticed an orc high priest
  9858 | Orc:2    | Killed an orc high priest
 10025 | Orc:2    | Noticed an orc knight
 10040 | Orc:2    | Killed an orc knight
 10041 | Orc:2    | Reached skill level 5 in Armour
 10041 | Orc:2    | Reached XP level 12. HP: 113/113 MP: 11/11
 10089 | Orc:2    | Noticed an orc high priest
 10090 | Orc:2    | Noticed an orc high priest
 10095 | Orc:2    | Killed an orc high priest
 10110 | Orc:2    | Demolished by an orc knight

Illustrated notes

Levels and vault maps discovered:
D:1:      dpeg_arrival_orchard, layout_basic
D:2:      layout_basic, chequers_ecumenical_altar_simple, serial_shops, shop,
          minmay_rat_gold_closets
D:3:      layout_basic
D:4:      layout_basic, minmay_shop_mayhem, grunt_gozag_statues, uniq_sigmund,
          uniq_blork_the_orc, uniq_ijyb
D:5:      layout_rooms
D:6:      layout_rooms, minmay_temple_entry_statues_pillars, uniq_eustachio,
          uniq_grinder
D:7:      layout_basic, old_standard_altar, nicolae_ossuary_entry_ruins,
          serial_shops, nicolae_shop_temple_entry_statues_fountains,
          chequers_garden, kennysheep_diamond
D:8:      layout_loops_ring, erik_lair_dragon, kennysheep_generic_room_10
D:9:      layout_roguey, chequers_serial_rivers_micro_b, bloody_makhleb,
          uniq_maggie
D:10:     layout_basic, lemuel_blue_sif_altar
D:11:     layout_roguey, kennysheep_orc_monster_closet_entryway, fountainhead,
          minivault_20
Temple:   nicolae_temple_the_god_donut
Orc:1:    layout_diamond_mine, serial_shops, shop
Orc:2:    st_orc_elflike, layout_caves, uniq_donald

Skill      XL: |  1  2  3  4  5  6  7  8  9 10 11 12 |
---------------+-------------------------------------+-----
Unarmed Combat | 4 5 6 8 9 11 13 | 13.9
Shields        | 2 8 9 |  9.0
Armour         | 5 |  5.8
Fighting       | 5 6 |  6.5
Dodging        | |  2.4
Stealth        | |  1.0

Action                   |  1- 3 |  4- 6 |  7- 9 | 10-12 || total
-------------------------+-------+-------+-------+-------++-------
Melee: Unarmed           |    82 |   167 |   265 |   511 ||  1025
       Punch             |     1 |     3 |     9 |    17 ||    30
Throw: Stone             |    88 |   122 |   115 |   116 ||   441
Invok: Whirlwind         |       |       |    26 |    52 ||    78
       Lunge             |       |       |     7 |    25 ||    32
       Serpent's Lash    |       |       |       |     2 ||     2
       Heavenly Storm    |       |       |       |     1 ||     1
 Abil: Wall Jump         |       |       |     4 |    13 ||    17
  Use: Scroll            |     6 |     1 |     3 |     9 ||    19
       Potion            |       |       |     3 |     1 ||     4
 Stab: Sleeping          |     2 |     1 |       |       ||     3
Armor: Robe              |    16 |    31 |    31 |       ||    78
       Troll leather arm |       |       |    35 |     9 ||    44
       Swamp dragon scal |       |       |       |    65 ||    65
Dodge: Dodged            |    26 |    84 |   135 |   221 ||   466
Block: Kite shield       |       |       |       |   187 ||   187

Table legend: (Time is in decaauts)
 A = Elapsed time spent in this place.
 B = Non-inter-level travel time spent in this place.
 C = Inter-level travel time spent in this place.
 D = Time resting spent in this place.
 E = Time spent auto-exploring this place.
 F = Levels seen in this place.
 G = Mean time per level.
                   A        B        C        D        E       F      G
               +--------+--------+--------+--------+--------+-----+--------+
         Total |   9995 |   9640 |    355 |    565 |   6782 |  15 |  666.3 |
       Dungeon |   9305 |   8967 |    338 |    565 |   6417 |  11 |  845.9 |
        Temple |     20 |     11 |      9 |      0 |      6 |   1 |   20.0 |
  Orcish Mines |    511 |    503 |      8 |      0 |    270 |   2 |  255.5 |
       Ossuary |    157 |    157 |      0 |      0 |     89 |   1 |  157.0 |
               +--------+--------+--------+--------+--------+-----+--------+

Top non-repeatable levels by time:
     D:3: 1406 daAuts
     D:1: 1009 daAuts
     D:7: 966 daAuts
     D:2: 933 daAuts
     D:4: 919 daAuts
     D:8: 872 daAuts
     D:6: 782 daAuts
    D:11: 775 daAuts
     D:9: 645 daAuts
    D:10: 516 daAuts
     D:5: 478 daAuts
   Orc:1: 263 daAuts
   Orc:2: 248 daAuts
 Ossuary: 157 daAuts
  Temple: 20 daAuts
